AoeStats
← _LY_抖音肥龙

Socotra

505666520Analyzed
4v4 RM · 22d ago on Sep 10, 2026· 34m 27s· 8 players
Game mode
Random Map
Map size
148×148
Population
200
Speed
Normal
Resources
Standard
Victory
Conquest
Starting age
Dark Age
Ending age
Imperial Age
RankedLock teamsTeams togetherTeam positionsShared explorationLock speedFull tech treeHidden civsTurbo modeCheats
Victory
Defeat
🇭🇰 Cumans · Hong Kong SAR China
1752
+12
🇨🇳 Chinese · China
1695
+14
🇨🇳 Byzantines · China
1644
+16
🇨🇳 Mongols · China
1320
+28
🇩🇪 Khmer · Germany
1701
-19
🇩🇪 Magyars · Germany
1643
-17
🇨🇭 Ethiopians · Switzerland
1634
-18
🇩🇪 Italians · Germany
1593
-16
tim.13
6:50 Loom
9:06 Feudal Age
15:20 Fletching
28:59 Double-Bit Axe
33:46 Castle Age
31:54 Gold Mining
33:10 Padded Archer Armor
33:21 Horse Collar
_LY_抖音肥龙
8:31 Feudal Age
9:16 Double-Bit Axe
10:24 Horse Collar
11:30 Loom
18:23 Wheelbarrow
20:30 Castle Age
19:19 Gold Mining
19:37 Scale Barding Armor
20:22 Forging
21:02 Bloodlines
21:24 Bow Saw
22:34 Heavy Plow
24:27 Chain Barding Armor
26:00 Iron Casting
27:13 Gold Shaft Mining
27:41 Hand Cart
28:44 Town Watch
33:48 Imperial Age
34:09 Cavalier
35:24 Plate Barding Armor
35:50 Blast Furnace
35:12 Conscription
墨者
10:04 Feudal Age
11:36 Double-Bit Axe
13:14 Loom
14:14 Horse Collar
15:25 Bloodlines
17:25 Scale Barding Armor
22:35 Castle Age
24:53 Gold Mining
25:06 Husbandry
25:57 Forging
28:31 Chain Barding Armor
29:42 Stone Mining
32:36 Iron Casting
34:41 Gold Shaft Mining
我的刀盾
0:26 Loom
8:37 Feudal Age
9:28 Double-Bit Axe
13:10 Fletching
15:37 Padded Archer Armor
21:42 Castle Age
19:41 Horse Collar
21:44 Crossbowman
22:20 Bodkin Arrow
23:04 Wheelbarrow
25:24 Leather Archer Armor
25:03 Gold Mining
26:37 Ballistics
28:00 Thumb Ring
G1NCo
6:23 Loom
8:59 Feudal Age
11:43 Fletching
20:56 Castle Age
18:59 Double-Bit Axe
19:47 Gold Mining
21:39 Bodkin Arrow
21:09 Crossbowman
22:30 Padded Archer Armor
23:49 Ballistics
25:00 Leather Archer Armor
30:26 Thumb Ring
DeRommurxer
5:35 Loom
9:03 Feudal Age
10:07 Double-Bit Axe
10:06 Horse Collar
20:26 Castle Age
18:47 Horse Collar
19:33 Bloodlines
19:45 Scale Barding Armor
21:29 Chain Barding Armor
25:10 Town Watch
25:56 Gold Mining
27:17 Husbandry
Brudiiii
8:31 Feudal Age
8:59 Double-Bit Axe
11:45 Loom
17:46 Castle Age
16:01 Horse Collar
17:05 Bloodlines
17:37 Scale Barding Armor
19:04 Chain Barding Armor
20:52 Wheelbarrow
22:14 Wheelbarrow
30:46 Gold Mining
Dawn14
6:29 Loom
8:48 Feudal Age
14:05 Double-Bit Axe
16:17 Wheelbarrow
22:37 Castle Age
Connection lost

Rejoining the realm…

Still unreachable

The connection could not be restored.

Session expired

The server has moved on; the page needs a fresh start.